 Dungeon Crawl Stone Soup version 0.29.1-2-gbd0b4ee654 (webtiles) character file.

Game seed: 11924524495044442835

779 LSB the Cudgeller (level 8, 0/64 HPs)
             Began as a Formicid Fighter on Nov 9, 2022.
             Was an Initiate of Gozag.
             Succumbed to a water moccasin's poison
             ... on level 5 of the Dungeon on Nov 10, 2022.
             The game lasted 00:07:16 (5364 turns).

LSB the Cudgeller (Formicid Fighter)                Turns: 5364, Time: 00:07:17

Health: 0/64       AC:  9    Str: 23    XL:     8   Next: 10%
Magic:  8/8        EV:  9    Int: 11    God:    Gozag
Gold:   137        SH:  6    Dex: 19    Spells: 7/7 levels left

rFire   . . .      SeeInvis +   a - +0 flail
rCold   . . .      Faith    .   c - +0 buckler
rNeg    . . .      Spirit   .   b - +0 scale mail
rPois   .          Reflect  .   (helmet unavailable)
rElec   .          Harm     .   o - +1 cloak "Ron Muen" {Int+3}
rCorr   .          Rampage  .   (no gloves)
Will    .....                   (no boots)
Stlth   ..........              (no amulet)
HPRegen 0.20/turn               q - ring of flight
MPRegen 0.11/turn               d - +6 ring of dexterity

@: lethally poisoned (0 -> -19), flying
A: permanent stasis, dig shafts and tunnels, antennae 3, four strong arms
a: Dig, Shaft Self, Renounce Religion, Potion Petition, Call Merchant, Bribe
Branch


You were on level 5 of the Dungeon.
You worshipped Gozag.
Gozag was aware of your devotion.
You visited 1 branch of the dungeon, and saw 5 of its levels.

You collected 198 gold pieces.
You paid 61 gold pieces to Gozag.

Inventory:

Hand Weapons
 a - a +0 flail (weapon)
Missiles
 u - 6 javelins
 w - 2 curare-tipped darts
 x - 2 poisoned darts
Armour
 b - a +0 scale mail (worn)
 c - a +0 buckler (worn)
 o - the +1 cloak "Ron Muen" (worn) {Int+3}
   (You found it on level 2 of the Dungeon)

   Int:       It affects your intelligence (+3).
Jewellery
 d - a +6 ring of dexterity (right hand)
 q - a ring of flight (left hand)
Scrolls
 f - a scroll of butterflies
 h - a scroll of immolation {unknown}
 k - 2 scrolls of amnesia {unknown}
 l - a scroll of noise {unknown}
 m - 3 scrolls of magic mapping
 n - 2 scrolls of teleportation
 p - 2 scrolls of identify {unknown}
 r - a scroll of brand weapon {unknown}
 s - 2 scrolls of vulnerability {unknown}
Potions
 e - 2 potions of invisibility {unknown}
 g - 2 potions of heal wounds
 i - a potion of brilliance {unknown}
 j - 4 potions of flight {unknown}
 t - a potion of mutation {unknown}
 v - 2 potions of might
 z - a potion of magic {unknown}


   Skills:
 + Level 6.3 Fighting
 * Level 7.1 Maces & Flails
 - Level 3.2 Armour
 - Level 4.0 Shields


You had 7 spell levels left.
You didn't know any spells.
Your spell library contained the following spells:

 Spells                   Type           Power      Damage    Failure   Level
 Ozocubu's Armour         Ice            0%         N/A       97%         3
 Ozocubu's Refrigeration  Ice            0%         4d7       100%        7


Dungeon Overview and Level Annotations

Branches:
Dungeon (5/15)
 Temple: D:4-7

Altars:
Gozag
Makhleb
Ru

Shops:
D:4 =


Innate Abilities, Weirdness & Mutations

You cannot be hasted, slowed, berserked, paralysed or teleported.
You can dig through walls and to a lower floor.
You have a pair of large antennae on your head. (SInv)
Your four strong arms can wield two-handed weapons with a shield.


Message History

The water moccasin bites you.
* * * LOW HITPOINT WARNING * * *
You feel very sick.
The water moccasin attacks as you move away!
The water moccasin bites you.
* * * LOW HITPOINT WARNING * * *
You are lethally poisoned!
The water moccasin poisons you!
* * * LOW HITPOINT WARNING * * *
You feel very sick.
It was a potion of heal wounds.
You feel much better.
You feel very sick. The water moccasin bites you. x2
The orc wizard attacks as you move away!
The orc wizard hits you but does no damage.
You feel very sick.
The orc wizard attacks as you move away!
The orc wizard hits you but does no damage.
The water moccasin attacks as you move away!
The water moccasin bites you but does no damage.
You feel very sick.
The water moccasin bites you but does no damage.
The orc wizard attacks as you move away!
The orc wizard hits you with a +0 dagger.
* * * LOW HITPOINT WARNING * * *
The water moccasin attacks as you move away!
The water moccasin bites you but does no damage.
You feel sick.
The water moccasin attacks as you move away!
The water moccasin bites you.
* * * LOW HITPOINT WARNING * * *
You are lethally poisoned!
The water moccasin poisons you!
* * * LOW HITPOINT WARNING * * *
You feel very sick.
The orc wizard attacks as you move away!
The orc wizard hits you with a +0 dagger.
* * * LOW HITPOINT WARNING * * *
You die...
Your body crumbles into a pile of gold.

*,,,,***####...
*,*######......
*,*#...........
*,*#.##..)..###
*,,,,##.#..###.
#########....## #.
##.....#.....## #{
##...........>.####.
#..@.So.o.o.....##..
#....o..............
#...............####
#...............#
#.....<.).......#
##.............##
##.....#.....##
#############


You could see a water moccasin, an orc priest, an orc wizard and 2 orcs.

Vanquished Creatures
  Grinder (D:3)
  Sigmund (D:3)
  A centaur (D:5)
  A phantom (D:4)
  A hound (D:4)
  An orc priest (D:4)
  An iguana (D:4)
  Jessica (D:3)
  An orc wizard (D:5)
  4 gnolls
  2 adders (D:3)
  2 worms
  2 dart slugs
  7 orcs
  3 ball pythons
  8 endoplasms
  9 giant cockroaches
  8 goblins
  5 hobgoblins
  3 jackals (D:1)
  8 kobolds
  5 quokkas
  7 bats
  2 frilled lizards
  2 rats (D:1)
86 creatures vanquished.

Vanquished Creatures (others)
  A plant (D:2)
1 creature vanquished.

Grand Total: 87 creatures vanquished

Notes
Turn   | Place    | Note
-------+----------+-------------------------------------------
     0 | D:1      | LSB the Formicid Fighter began the quest for the Orb.
     0 | D:1      | Reached XP level 1. HP: 18/18 MP: 1/1
   207 | D:1      | Found a faded altar of an unknown god.
   247 | D:1      | Reached XP level 2. HP: 24/24 MP: 2/2
   450 | D:1      | Reached XP level 3. HP: 27/30 MP: 3/3
   547 | D:1      | Reached skill level 3 in Maces & Flails
  1043 | D:2      | Reached XP level 4. HP: 36/36 MP: 4/4
  1075 | D:2      | Identified the +1 cloak "Ron Muen" {Int+3}
  2141 | D:3      | Found a sacrificial altar of Ru.
  2262 | D:3      | Noticed Jessica
  2270 | D:3      | Killed Jessica
  2271 | D:3      | Reached skill level 4 in Maces & Flails
  2271 | D:3      | Reached XP level 5. HP: 40/42 MP: 5/5
  2846 | D:3      | Noticed Sigmund
  2851 | D:3      | Killed Sigmund
  2852 | D:3      | Reached skill level 5 in Fighting
  2852 | D:3      | Reached skill level 5 in Maces & Flails
  2852 | D:3      | Reached XP level 6. HP: 18/51 MP: 6/6
  3103 | D:3      | Noticed Grinder
  3131 | D:3      | Killed Grinder
  3132 | D:3      | Reached skill level 6 in Maces & Flails
  3132 | D:3      | Reached XP level 7. HP: 17/56 MP: 7/7
  3754 | D:3      | Found an opulent altar of Gozag.
  4924 | D:4      | Found a burning altar of Makhleb.
  4967 | D:4      | Found Okhla's Jewellery Emporium.
  5089 | D:5      | Entered Level 5 of the Dungeon
  5097 | D:5      | Reached skill level 7 in Maces & Flails
  5097 | D:5      | Reached XP level 8. HP: 51/64 MP: 8/8
  5131 | D:3      | Became a worshipper of Gozag Ym Sagoz the Greedy
  5364 | D:5      | Succumbed to a water moccasin's poison

Illustrated notes

Levels and vault maps discovered:
D:1:      dpeg_arrival_brainrot, layout_rooms,
          hellmonk_ecumenical_altar_slurped_away
D:2:      minmay_angry_zag, layout_loops_corners, serial_bayou_ford_a,
          st_stairs_9
D:3:      layout_loops_ring, nicolae_ru_sacrificial_ziggurat,
          grunt_gozag_statues, kennysheep_nondescript, minivault_5,
          lemuel_flame_loot_1, uniq_sigmund, uniq_grinder, uniq_jessica
D:4:      layout_cave_pools, makhleb_heckhound_becter, serial_shops, shop
D:5:      layout_rooms, mainiacjoe_overflow_alcove_1, mainiacjoe_overflow_paths,
          chequers_serial_rivers_large_b, grunt_decor_clamped, uniq_edmund

Skill      XL: |  1  2  3  4  5  6  7 |
---------------+----------------------+-----
Maces & Flails | 3 4 5 6 7 |  7.1
Fighting       | 4 5 6 |  6.3
Armour         | |  3.2
Shields        | |  4.0

Action                   |  1- 3 |  4- 6 |  7- 9 || total
-------------------------+-------+-------+-------++-------
Melee: Flail             |    94 |   104 |    85 ||   283
 Abil: Dig               |     1 |     3 |       ||     4
Evoke: Wand              |       |     7 |       ||     7
  Use: Potion            |       |     1 |     1 ||     2
       Scroll            |       |       |     3 ||     3
Armor: Scale mail        |    49 |    31 |    40 ||   120
Dodge: Dodged            |    50 |    53 |    25 ||   128
Block: Buckler           |    29 |    18 |    15 ||    62
